Unix NetHack Version 5.0.0-0 post-release - last build May 23 2026 06:08:33 (1c0ff79ee797540d5714e4e18072db0edd9e58ae,branch:main).

Game began 2026-05-23 20:04:13, ended 2026-05-23 20:30:26.

Brudee, neutral female human Tourist

                                       ---
                                       |..
                                       |..--
                                        -..----
                                       --.....--
                                      --...[.<.|
                                      -....@GG--
                                       ---%hd.-
                                         |.....|
                                         -G....|
                                         ......|
                                        .......G
                                      ...F......-
                                     ............
                                    ..............
                                   ................
                                  -.........h.......
                                  ...................
                                 -----..---..........
                                     ---  ---.--.|.---
                                            --- ----
Brudee the Sightseer        St:11 Dx:9 Co:17 In:14 Wi:7 Ch:17  Neutral S:1454
Dlvl:6  $:261 HP:0(53) Pw:12(12) AC:2  Xp:5/299 T:1627 

Latest messages:
 Shaggy misses the dwarf.
 The dwarf swings her broad pick.
 The dwarf misses!
 Shaggy misses the dwarf.
 You miss the dwarf.
 Shaggy misses the dwarf.
 You hit the dwarf!
 Shaggy misses the dwarf.
 The gnome picks up a dagger.
 The dwarf swings her broad pick.
 The dwarf just misses!
 The gnome thrusts her dagger.
 The gnome misses!
 The gnome wields a dagger!
 Shaggy misses the dwarf.
 You miss the dwarf.
 Shaggy misses the dwarf.
 The dwarf swings her broad pick.
 The dwarf hits!
 The gnome thrusts her dagger.
 The gnome hits!
 Shaggy misses the dwarf.
 You miss the dwarf.
 Shaggy drops a runed dagger.
 Shaggy misses the dwarf.
 The gnome wields a dagger!
 The dwarf swings her broad pick.
 The dwarf hits!
 Shaggy picks up a runed dagger.
 Shaggy misses the dwarf.
 You kill the gnome!
 Shaggy misses the dwarf.
 The gnome throws a dagger!
 The dagger hits the gnome.
 The gnome is killed!
 You see here 2 daggers.
 Shaggy drops a runed dagger.
 Shaggy misses the dwarf.
 You miss the gnome.
 Shaggy misses the dwarf.
 The dwarf swings her broad pick.
 The dwarf hits!
 Shaggy misses the dwarf.
 You hit the gnome.
 Shaggy misses the dwarf.
 The dwarf swings her broad pick.
 The dwarf hits!
 You die...
 Do you want your possessions identified? [ynq] (y) y
 Do you want to see your attributes? [ynq] (y) q

Inventory:
 Coins    ('$')
  $ - 261 gold pieces
 Weapons  (')')
  a - 25 +2 darts (at the ready)
  A - a +0 two-handed sword (weapon in hands)
 Armor    ('[')
  s - an uncursed +0 orcish helm (being worn)
  L - an uncursed +0 pair of iron shoes (being worn)
  l - an uncursed +0 Hawaiian shirt with a flamingo motif (being worn)
  J - an uncursed +0 elven mithril-coat (being worn)
 Comestibles  ('%')
  h - an uncursed apple
  d - an uncursed candy bar labeled "Fruity Oaty"
  g - an uncursed cream pie
  c - 4 uncursed food rations
  v - a cursed food ration
  e - an uncursed orange
  b - 3 uncursed tripe rations
  f - an uncursed tin of pickled lichen
  q - a blessed tin of smoked kobold meat
  o - 2 uncursed lichen corpses
 Scrolls  ('?')
  I - an uncursed scroll of enchant armor
  k - a blessed scroll of magic mapping
  j - an uncursed scroll of magic mapping
  K - an uncursed scroll of teleportation
 Potions  ('!')
  z - a blessed potion of confusion
  H - a blessed potion of gain ability
  u - an uncursed potion of healing
 Tools    ('(')
  C - an uncursed sack containing 1 item
  E - an uncursed blindfold
  n - an uncursed credit card
  m - an expensive camera (0:64)
  F - an uncursed magic whistle
  B - an uncursed skeleton key
 Gems/Stones  ('*')
  p - an uncursed jasper stone
  y - a cursed worthless piece of white glass

Contents of the sack:
  165 gold pieces

Brudee the Tourist's attributes:

Background:
 You were a Sightseer, a level 5 female human Tourist.
 You were neutral, on a mission for The Lady
 who was opposed by Blind Io (lawful) and Offler (chaotic).
 You were left-handed.
 You were in the Gnomish Mines, on level 6.
 You entered the dungeon 1627 turns ago.
 You had 299 experience points, 21 more were needed to attain level 6.
 Your score was 1454 before end-of-game adjustments.

Basics:
 You had 0 out of 53 hit points.
 You had all 12 energy points (spell power).
 Your armor class was 2.
 Your wallet contained 261 zorkmids, and
 you had 165 more stashed away in your pack.
 Autopickup was on for '$!=+?/"' plus thrown.

Final Characteristics:
 Your strength was 11 (limit:18/100).
 Your dexterity was 9 (limit:18).
 Your constitution was 17 (limit:18).
 Your intelligence was 14 (limit:18).
 Your wisdom was 7 (limit:18).
 Your charisma was 17 (limit:18).

Final Status:
 You weren't hungry.
 You were unencumbered.
 You were wielding a two-handed sword.
 You had basic skill with two-handed sword.

Final Attributes:
 You were devoutly aligned.
 You were guarded.
 You are dead.

Miscellaneous:
 You didn't encounter any bones levels.
 Total elapsed playing time was 26 minutes.

Major events:
 Turn
    1: Brudee the neutral female human Tourist entered the dungeon
  544: attained the rank of Sightseer (level 3)
 1117: entered the Gnomish Mines
 1627: killed by a dwarf

You didn't know any spells.

Skills:
 Fighting Skills
   bare handed combat [Unskilled]
   two weapon combat  [Unskilled]
   riding             [Unskilled]
 Weapon Skills
   dagger             [Unskilled]
   knife              [Unskilled]
   axe                [Unskilled]
   pick-axe           [Unskilled]
   short sword        [Unskilled]
   broadsword         [Unskilled]
   long sword         [Unskilled]
   two-handed sword   [Basic]
   saber              [Unskilled]
   mace               [Unskilled]
   morning star       [Unskilled]
   flail              [Unskilled]
   hammer             [Unskilled]
   quarterstaff       [Unskilled]
   polearms           [Unskilled]
   spear              [Unskilled]
   trident            [Unskilled]
   lance              [Unskilled]
   bow                [Unskilled]
   sling              [Unskilled]
   crossbow           [Unskilled]
   dart               [Basic]
   shuriken           [Unskilled]
   boomerang          [Unskilled]
   whip               [Unskilled]
   unicorn horn       [Unskilled]
 Spellcasting Skills
   divination spells  [Unskilled]
   enchantment spells [Unskilled]
   escape spells      [Unskilled]

Voluntary challenges:
 Character rerolling was not enabled.
 You never genocided any monsters.
 You never polymorphed an object.
 You never changed form.
 You used no wishes.
Achievements:
 You attained the rank of Sightseer.
 You entered a shop.
 You entered the Gnomish Mines.

 The Dungeons of Doom: levels 1 to 4
    Level 1:
       Many fountains.
    Level 2:
       A fountain, a grave.
    Level 3:
       A tool shop.
    Level 4:
       A fountain.
       Stairs down to The Gnomish Mines.
 The Gnomish Mines: levels 5 to 6
    Level 5:
    Level 6: <- You were here.
       Final resting place for
          you, killed by a dwarf.


Vanquished creatures:
  a rock mole
  3 gnome leaders
  3 dwarves
  a wererat
  2 coyotes
  a hobbit
  2 giant rats
  a brown mold
  a yellow mold
  a green mold
 11 gnomes
  5 jackals
  a fox
  5 goblins
  3 sewer rats
  a grid bug
  a bat
  5 lichens
  4 newts
52 creatures vanquished.

No species were genocided or became extinct.

Game over:
                       ----------
                      /          \
                     /    REST    \
                    /      IN      \
                   /     PEACE      \
                  /                  \
                  |      Brudee      |
                  |      426 Au      |
                  |   killed by a    |
                  |      dwarf       |
                  |                  |
                  |                  |
                  |       2026       |
                 *|     *  *  *      | *
        _________)/\\_//(\/(/\)/\//\/|_)_______

Aloha Brudee the Tourist...

You died in The Gnomish Mines on dungeon level 6 with 1454 points,
and 426 pieces of gold, after 1627 moves.
You were level 5 with a maximum of 53 hit points when you died.

